Map: Dusk Towers

Players

Asunder

  • Race: Zerg Zerg
  • League: Diamond

AviatorFenix - Winner!

  • Race: Protoss Protoss
  • League: Diamond

VOD

Have the link to the VOD?

Description

Time

  • Played on: Feb. 29, 2016, 4:53 a.m.
  • Length: 7:00
Show
View Real Time Build Order
Export as new Build Order

Asunder Zerg 

Build Orders: 3 Hatch before Pool 

Get SALT Encoding   

  12  0:01  Drone  
  13  0:11  Drone  
  14  0:18  Overlord  
  14  0:28  Extractor  
  13  0:29  Extractor  
  13  0:30  Drone x2  
  16  0:36  Drone  
  17  0:46  Drone  
  18  0:59  Drone  
  18  1:04  Hatchery  
  18  1:08  Drone  
  19  1:27  Hatchery  
  19  1:29  Drone  
  19  1:37  Drone  
  20  1:48  Drone  
  20  1:52  Extractor  
  21  1:56  Drone, Spawning Pool  
  21  2:05  Overlord  
  21  2:16  Drone  
  22  2:25  Drone  
  22  2:26  Drone  
  22  2:29  Drone  
  25  2:35  Drone  
  26  2:39  Drone  
  26  2:43  Queen x3  
  33  2:48  Extractor, Drone x2  
  33  2:50  Extractor  
  33  2:51  Drone  
  33  2:52  Drone  
  33  2:58  Drone  
  36  3:02  Drone x2  
  38  3:10  Overlord x2  
  38  3:14  Drone  
  39  3:20  Drone  
  39  3:22  Roach Warren  
  40  3:27  Drone x3  
  42  3:40  Drone x2  
  46  3:43  Lair  
  46  3:45  Queen  
  46  3:47  Drone  
  46  3:48  Drone  
  48  3:58  Metabolic Boost  
  48  4:05  Drone x2  
  48  4:08  Overlord, Evolution Chamber  
  48  4:09  Overlord  
  49  4:11  Evolution Chamber  
  49  4:16  Drone x2  
  50  4:29  Overlord x3  
  50  4:34  Zerg Melee Weapons Level 1  
  50  4:37  Zerg Ground Armor Level 1  
  50  4:39  Zergling x16  
  58  4:50  Zergling x8  
  58  4:51  Zergling x8  
  66  5:13  Zergling x2  
  66  5:14  Zergling x12  
  72  5:17  Hydralisk Den  
  72  5:22  Extractor  
  72  5:23  Drone x5  
  76  5:48  Zergling x2  
  76  5:49  Zergling x18  
  86  5:53  Overlord  
  86  5:54  Overlord x3  
  86  6:00  Evolution Chamber  
  84  6:06  Roach Warren  
  83  6:11  Overlord x3  
  83  6:12  Spore Crawler, Overlord  
  83  6:13  Overseer  
  82  6:25  Spine Crawler  
  82  6:31  Overseer x2  
  79  6:36  Zergling x2, Hydralisk x3  
Show
View Real Time Build Order
Export as new Build Order

AviatorFenix Protoss - Winner!

Build Orders: Nexus First 

Get SALT Encoding   

  12  0:01  Probe (Chrono Boost)  
  13  0:11  Probe (Chrono Boost)  
  14  0:19  Pylon  
  14  0:22  Probe (Chrono Boost)  
  15  0:37  Probe (Chrono Boost)  
  16  0:48  Probe (Chrono Boost)  
  17  0:59  Nexus  
  17  1:05  Probe (Chrono Boost)  
  18  1:11  Gateway  
  18  1:16  Assimilator  
  18  1:19  Probe (Chrono Boost)  
  19  1:30  Probe (Chrono Boost)  
  20  1:40  Probe (Chrono Boost)  
  20  1:41  Assimilator  
  21  1:51  Probe (Chrono Boost)  
  22  2:01  Probe (Chrono Boost)  
  22  2:02  Cybernetics Core  
  23  2:10  Zealot  
  23  2:11  Gateway  
  23  2:12  Probe (Chrono Boost)  
  26  2:20  Probe (Chrono Boost)  
  27  2:27  Probe (Chrono Boost)  
  28  2:31  Probe (Chrono Boost)  
  29  2:38  Warp Gate (Chrono Boost), Probe (Chrono Boost)  
  29  2:41  Probe (Chrono Boost)  
  31  2:45  Twilight Council  
  31  2:49  Pylon  
  32  2:51  Probe (Chrono Boost)  
  32  2:58  Stalker  
  32  2:59  Probe (Chrono Boost)  
  32  3:02  Probe (Chrono Boost)  
  36  3:11  Robotics Facility  
  36  3:15  Probe (Chrono Boost)  
  37  3:22  Charge (Chrono Boost)  
  37  3:34  Forge  
  37  3:35  Gateway  
  37  3:37  Probe  
  37  3:40  Probe  
  39  3:50  Probe  
  39  3:51  Probe  
  41  3:57  Pylon  
  41  3:59  Warp Prism  
  41  4:01  Pylon  
  41  4:02  Probe  
  44  4:03  Protoss Ground Weapons Level 1 (Chrono Boost)  
  44  4:16  Gateway  
  44  4:20  Gateway  
  44  4:21  Gateway  
  44  4:27  Gateway  
  44  4:31  Gateway  
  44  4:38  Pylon  
  44  4:40  Pylon  
  44  4:41  Pylon  
  44  4:46  Zealot  
  44  4:47  Zealot  
  44  4:50  Zealot  
  50  5:00  Pylon  
  50  5:02  Pylon  
  50  5:05  Pylon  
  50  5:20  Zealot x5  
  60  5:23  Zealot  
  60  5:24  Zealot  
  64  5:29  Zealot  
  66  5:42  Pylon  
  66  5:52  Zealot x2  
  66  5:53  Zealot x4  
  66  5:55  Zealot  
  80  6:15  Zealot  
  80  6:16  Zealot x5  
  92  6:18  Zealot  
  92  6:22  Zealot  
  96  6:50  Zealot x8  
Tags
 
Add a new tag
Caveats
  • Supply blocks, unpowered buildings, or Contaminate may cause inaccurate times.
  • Supply counts are checked every 10 seconds.